Map: Arctic Dream LE

Players

qqq - Winner!

  • Race: Protoss Protoss
  • League: Platinum
  • Spawn Location: 11:00

Massa - Winner!

  • Race: Terran Terran
  • League: Gold
  • Spawn Location: 12:00

siner

  • Race: Protoss Protoss
  • League: Platinum
  • Spawn Location: 6:00

JaRema

  • Race: Terran Terran
  • League: Diamond
  • Spawn Location: 5:00

VOD

Have the link to the VOD?

Description

Time

  • Played on: Aug. 27, 2020, 7:11 a.m.
  • Length: 15:53
Show
View Real Time Build Order
Export as new Build Order

qqq Protoss - Winner!

Build Orders: Carriers 

Get SALT Encoding   

  12  0:02  Probe  
  13  0:14  Probe  
  13  0:19  Pylon  
  14  0:26  Probe  
  15  0:44  Forge  
  15  0:46  Pylon  
  15  0:51  Probe  
  16  1:04  Pylon  
  16  1:16  Probe  
  17  1:27  Photon Cannon  
  17  1:28  Probe  
  17  1:29  Pylon  
  18  1:33  Pylon  
  17  2:03  Photon Cannon  
  17  2:10  Photon Cannon  
  17  2:13  Photon Cannon  
  17  2:26  Photon Cannon  
  17  2:31  Photon Cannon  
  17  2:33  Pylon  
  17  2:36  Photon Cannon  
  17  2:53  Photon Cannon  
  17  3:11  Pylon  
  17  3:29  Nexus  
  17  3:30  Gateway  
  17  3:38  Assimilator  
  17  3:43  Photon Cannon  
  17  3:50  Probe  
  18  4:00  Gateway  
  18  4:04  Assimilator  
  18  4:05  Probe  
  19  4:17  Probe  
  19  4:22  Cybernetics Core  
  20  4:29  Probe  
  21  4:43  Photon Cannon  
  21  4:51  Probe, Photon Cannon  
  22  4:54  Probe  
  23  5:03  Probe  
  23  5:06  Probe  
  25  5:08  Pylon  
  25  5:24  Stargate  
  25  5:25  Probe  
  26  5:30  Probe  
  27  5:37  Probe  
  27  5:40  Stargate  
  28  5:49  Probe, Photon Cannon  
  29  6:01  Probe  
  29  6:03  Probe  
  31  6:11  Assimilator  
  31  6:13  Probe  
  31  6:15  Probe, Assimilator  
  35  6:21  Phoenix (Chrono Boost)  
  35  6:24  Phoenix (Chrono Boost)  
  38  6:25  Probe  
  38  6:37  Probe  
  39  6:57  Phoenix  
  39  6:58  Phoenix  
  43  7:03  Probe (Chrono Boost)  
  43  7:15  Probe (Chrono Boost)  
  44  7:20  Probe (Chrono Boost)  
  45  7:22  Phoenix  
  45  7:27  Protoss Air Weapons Level 1  
  48  7:30  Probe  
  48  7:37  Pylon  
  48  7:41  Pylon  
  48  7:48  Pylon  
  48  7:50  Pylon  
  48  7:55  Probe, Phoenix  
  48  7:56  Phoenix  
  53  8:03  Fleet Beacon  
  53  8:12  Nexus  
  53  8:13  Pylon  
  53  8:16  Pylon  
  53  8:20  Phoenix  
  53  8:22  Phoenix  
  56  8:55  Phoenix  
  57  8:56  Carrier  
  57  9:02  Probe  
  64  9:12  Photon Cannon  
  64  9:13  Photon Cannon  
  64  9:14  Probe  
  65  9:17  Photon Cannon  
  65  9:20  Phoenix  
  67  9:26  Probe  
  68  9:44  Probe (Chrono Boost)  
  68  9:45  Carrier  
  75  9:54  Probe (Chrono Boost)  
  75  9:59  Probe (Chrono Boost)  
  76  10:02  Nexus  
  76  10:05  Pylon  
  73  10:10  Probe  
  73  10:12  Carrier  
  80  10:17  Anion Pulse-Crystals  
  80  10:23  Probe  
  81  10:30  Photon Cannon  
  81  10:33  Pylon, Protoss Air Armor Level 1 (Chrono Boost)  
  81  10:35  Probe  
  82  10:47  Probe  
  83  10:51  Carrier  
  89  10:59  Probe  
  89  11:01  Photon Cannon  
  90  11:04  Photon Cannon  
  90  11:11  Probe, Photon Cannon  
  91  11:17  Assimilator  
  91  11:19  Assimilator  
  91  11:23  Probe  
  92  11:28  Tempest  
  97  11:34  Probe  
  97  11:35  Probe  
  99  11:46  Probe  
  100  11:47  Probe  
  100  11:52  Robotics Facility  
  101  11:58  Probe, Carrier  
  101  11:59  Probe  
  109  12:10  Probe  
  109  12:11  Probe  
  117  12:15  Carrier  
  117  12:22  Probe  
  118  12:23  Probe  
  119  12:36  Probe  
  121  12:38  Protoss Air Weapons Level 2  
  108  12:55  Probe  
  98  13:02  Tempest  
  97  13:19  Phoenix  
  99  13:28  Nexus  
  99  13:31  Pylon  
  99  13:34  Pylon  
  99  13:35  Pylon  
  99  13:43  Nexus  
  99  13:44  Pylon  
  99  13:46  Pylon, Stargate  
  99  13:48  Observer (Chrono Boost), Stargate  
  100  13:49  Carrier  
  100  13:52  Carrier  
  100  13:54  Pylon  
  111  13:56  Pylon  
  111  13:58  Pylon  
  111  14:08  Photon Cannon  
  111  14:11  Photon Cannon  
  111  14:14  Photon Cannon  
  111  14:22  Photon Cannon  
  111  14:25  Photon Cannon  
  111  14:28  Photon Cannon  
  111  14:30  Photon Cannon  
  111  14:39  Probe  
  112  14:46  Probe  
  112  14:51  Probe  
  114  14:56  Tempest  
  114  14:58  Probe  
  126  15:03  Probe  
  127  15:10  Probe  
  128  15:15  Probe  
  129  15:22  Probe  
  129  15:28  Probe  
Show
View Real Time Build Order
Export as new Build Order

Massa Terran - Winner!

Build Orders:  

Get SALT Encoding   

  12  0:02  SCV  
  13  0:14  SCV  
  14  0:22  Supply Depot  
  14  0:26  SCV  
  15  0:31  Refinery  
  15  0:44  SCV  
  15  0:46  Barracks  
  16  0:56  SCV  
  17  1:08  SCV  
  18  1:20  Refinery, SCV  
  19  1:32  SCV  
  20  1:33  Reaper  
  21  1:43  Command Center  
  21  1:47  SCV  
  22  1:59  SCV  
  23  2:10  Factory  
  23  2:15  Supply Depot  
  23  2:29  Orbital Command  
  23  2:33  Marine  
  23  2:47  Barracks  
  23  2:52  Reaper  
  23  2:54  Starport  
  24  3:00  Factory Tech Lab  
  24  3:04  SCV  
  25  3:07  SCV  
  26  3:16  SCV  
  26  3:19  SCV  
  28  3:20  Siege Tank  
  31  3:28  SCV  
  31  3:29  Barracks Tech Lab  
  31  3:31  SCV  
  31  3:32  Medivac  
  35  3:41  Barracks Reactor  
  35  3:44  SCV x2  
  37  3:56  SCV x2  
  39  4:31  Marine  
  39  4:32  Marauder, Marine  
  39  4:34  Medivac  
  45  4:38  Engineering Bay  
  45  4:43  Engineering Bay  
  45  4:44  Supply Depot  
  45  4:47  Supply Depot  
  45  4:49  Marine  
  45  4:51  Armory  
  46  4:53  Supply Depot  
  46  5:05  Marauder, Siege Tank  
  51  5:14  Medivac  
  53  5:21  Orbital Command  
  53  5:22  SCV  
  54  5:28  Refinery  
  54  5:31  Missile Turret  
  54  5:34  SCV, Missile Turret  
  54  5:35  Marine x2  
  57  5:37  Marauder  
  59  5:43  Siege Tank  
  59  5:49  SCV x2  
  64  5:53  Marine x2  
  66  5:58  Marauder  
  66  6:01  SCV x2  
  70  6:06  Stimpack  
  70  6:12  Marine  
  70  6:15  Marine  
  70  6:46  Supply Depot  
  70  6:48  Supply Depot x2  
  70  6:49  Supply Depot  
  70  6:52  Marine  
  70  7:07  Marine  
  70  7:08  Marauder  
  73  7:10  Marine  
  73  7:12  Supply Depot  
  73  7:14  Supply Depot  
  73  7:15  Terran Infantry Weapons Level 1  
  74  7:16  Terran Infantry Armor Level 1  
  74  7:17  SCV x2  
  76  7:23  Command Center  
  76  7:25  Marine  
  76  7:27  Siege Tank  
  76  7:28  Marine  
  76  7:29  SCV, Marauder  
  84  7:40  Refinery  
  84  7:43  Marine  
  85  7:46  Marine, Combat Shield  
  85  7:50  Marauder  
  88  8:12  Marauder  
  82  8:33  Marauder, Terran Vehicle Weapons Level 1  
  70  8:34  SCV  
  70  8:35  SCV  
  70  8:37  Orbital Command  
  70  8:46  SCV  
  70  8:47  SCV  
  71  8:58  SCV  
  71  8:59  SCV, Missile Turret  
  73  9:19  Missile Turret  
  73  9:20  Orbital Command  
  69  9:39  Missile Turret  
  69  9:47  SCV  
  69  9:48  SCV x2  
  72  9:57  Marauder  
  72  9:58  Marine x2  
  72  9:59  SCV, Missile Turret  
  77  10:00  SCV  
  77  10:03  Barracks  
  78  10:09  Barracks  
  78  10:12  Factory  
  78  10:13  Medivac  
  80  10:16  Marine x2  
  80  10:17  Siege Tank  
  80  10:19  SCV, Marauder  
  80  10:20  SCV x2  
  90  10:32  SCV  
  90  10:34  Marine x2  
  93  10:40  Marauder  
  95  10:43  Medivac  
  95  10:49  Command Center, Siege Tank  
  100  10:51  Marine, Missile Turret  
  100  10:52  Marine  
  102  11:00  Sensor Tower  
  102  11:01  Marauder  
  102  11:02  Barracks Tech Lab  
  102  11:03  Barracks Reactor  
  104  11:04  Concussive Shells  
  104  11:08  Refinery  
  104  11:09  Marine x2  
  106  11:13  Missile Turret  
  106  11:14  Factory Tech Lab  
  106  11:17  Smart Servos  
  106  11:21  Starport Reactor  
  106  11:23  Terran Infantry Armor Level 2, Marauder  
  106  11:25  Terran Infantry Weapons Level 2  
  108  11:26  Terran Vehicle And Ship Armor Level 1  
  108  11:27  Marine x2  
  108  11:31  Armory  
  110  11:35  SCV x2  
  110  11:36  SCV  
  113  11:44  Marauder  
  115  11:47  SCV  
  115  11:48  SCV x2  
  118  12:00  SCV  
  119  12:04  Barracks  
  119  12:06  Marauder  
  119  12:07  Barracks  
  121  12:29  Orbital Command  
  121  12:39  Command Center  
  121  12:51  Barracks  
  119  13:00  Marauder x2  
  119  13:01  Marine x4  
  119  13:18  Marine  
  119  13:19  Marine x3  
  108  13:21  Marauder  
  108  13:22  Marauder  
  112  13:28  Thor  
  112  13:29  Thor  
  124  13:36  SCV x4, Marine  
  124  13:37  Marine  
  124  13:40  Refinery  
  130  13:42  Refinery  
  130  13:43  Marauder x2  
  130  13:48  SCV x2  
  130  14:04  Marauder  
  130  14:05  Marauder  
  130  14:11  Thor x2  
  140  14:25  Marauder  
  140  14:26  Marauder  
  137  14:35  Marine x4  
  138  14:38  Barracks Reactor x2  
  138  14:39  Barracks Tech Lab  
  135  14:47  Marauder x2  
  135  14:53  Marine x4  
  135  14:54  Thor  
  117  15:08  Marauder  
  117  15:09  Marauder  
  121  15:16  Marauder  
  121  15:17  Marine x7  
  121  15:18  Marine  
  121  15:21  Orbital Command  
  131  15:30  Marauder x2, Command Center  
  145  15:52  Command Center  
Show
View Real Time Build Order
Export as new Build Order

siner Protoss 

Build Orders:  

Get SALT Encoding   

  12  0:01  Probe  
  13  0:13  Probe  
  14  0:21  Pylon  
  14  0:25  Probe (Chrono Boost)  
  15  0:39  Gateway  
  15  0:40  Probe (Chrono Boost)  
  16  0:47  Probe (Chrono Boost)  
  16  0:48  Assimilator  
  17  0:54  Probe  
  18  1:03  Assimilator  
  18  1:07  Probe  
  19  1:13  Gateway  
  19  1:28  Cybernetics Core  
  19  1:41  Zealot  
  19  1:45  Gateway  
  19  2:07  Stalker  
  19  2:24  Pylon  
  17  2:33  Stalker (Chrono Boost)  
  19  2:55  Probe (Chrono Boost)  
  21  3:05  Probe (Chrono Boost)  
  21  3:10  Probe (Chrono Boost)  
  21  3:16  Pylon  
  21  3:27  Pylon  
  21  3:43  Forge  
  19  3:50  Nexus  
  14  4:38  Photon Cannon  
  13  4:40  Photon Cannon  
  13  5:05  Probe  
  14  5:09  Gateway  
  14  5:19  Photon Cannon  
  14  5:21  Probe (Chrono Boost)  
  15  5:31  Probe (Chrono Boost)  
  16  5:36  Probe (Chrono Boost)  
  16  5:37  Assimilator  
  16  5:41  Assimilator  
  17  5:48  Probe  
  18  5:59  Cybernetics Core  
  18  6:00  Probe  
  19  6:23  Probe  
  20  6:27  Pylon  
  20  6:35  Probe  
  21  6:42  Stargate  
  21  6:48  Probe  
  22  7:00  Probe  
  23  7:11  Nexus  
  23  7:22  Probe, Oracle (Chrono Boost)  
  27  7:36  Probe  
  28  7:42  Pylon  
  28  7:45  Warp Gate  
  28  7:52  Probe, Gateway  
  29  8:05  Probe  
  30  8:30  Photon Cannon  
  30  8:32  Probe x2, Photon Cannon  
  33  8:48  Probe  
  33  8:53  Probe  
  34  9:00  Probe, Protoss Ground Weapons Level 1 (Chrono Boost), Gateway  
  34  9:01  Gateway  
  35  9:03  Gateway  
  35  9:07  Assimilator  
  32  9:11  Assimilator  
  31  9:17  Probe x2  
  33  9:27  Phoenix  
  33  9:31  Probe x2  
  37  9:38  Twilight Council  
  37  9:40  Photon Cannon  
  37  9:43  Probe x2  
  39  9:52  Phoenix, Stalker  
  41  9:55  Stalker  
  45  10:02  Sentry  
  45  10:03  Stalker  
  45  10:04  Probe  
  50  10:10  Probe  
  51  10:16  Probe  
  52  10:29  Photon Cannon  
  52  10:30  Probe x2  
  52  10:32  Pylon  
  52  10:34  Phoenix, Blink (Chrono Boost)  
  54  10:50  Stalker x3  
  56  11:14  Nexus  
  56  11:19  Pylon  
  56  11:26  Templar Archives  
  56  11:27  Probe x2, Dark Shrine  
  56  11:31  Stalker  
  60  11:38  Shield Battery  
  60  11:42  Photon Cannon  
  60  11:43  Probe x2  
  60  11:45  Protoss Ground Weapons Level 2 (Chrono Boost)  
  62  11:53  Stalker  
  64  11:56  Sentry  
  64  11:59  Stalker  
  68  12:15  High Templar x2  
  72  12:20  Archon  
  72  12:23  Stalker x2  
  72  12:24  Photon Cannon  
  72  12:27  Probe x3  
  79  12:34  Pylon  
  77  13:03  Dark Templar x2  
  77  13:04  Dark Templar x3  
  59  13:33  Assimilator  
  59  13:34  Assimilator  
  59  13:36  Stalker  
  59  13:37  Stalker x4  
  59  13:39  Probe x3  
  59  13:40  Robotics Facility  
  70  13:59  Probe x2  
  70  14:00  Probe  
  63  14:05  Stalker x3  
  63  14:06  Stalker x2  
  63  14:40  Stalker x5  
  73  14:48  Nexus  
  61  15:09  Stalker x5  
  65  15:19  Nexus  
  54  15:32  Stalker  
  54  15:33  Stalker x4  
Show
View Real Time Build Order
Export as new Build Order

JaRema Terran 

Build Orders:  

Get SALT Encoding   

  12  0:00  SCV  
  13  0:12  SCV  
  14  0:17  Supply Depot  
  14  0:24  SCV  
  15  0:38  SCV  
  15  0:40  Barracks  
  16  0:48  Refinery  
  16  0:50  SCV  
  17  1:03  SCV  
  18  1:15  SCV  
  19  1:28  Marine  
  19  1:29  Orbital Command  
  20  1:40  Barracks  
  20  1:42  Barracks  
  20  1:47  Marine  
  21  1:55  SCV  
  22  2:06  Marine  
  23  2:14  Barracks  
  23  2:17  Supply Depot  
  23  2:23  Supply Depot  
  23  2:38  Marine x3  
  23  2:39  SCV  
  27  2:51  SCV  
  28  2:56  Marine x2  
  30  3:00  Marine  
  30  3:03  SCV  
  32  3:10  Factory  
  32  3:14  Marine x2  
  32  3:15  SCV  
  31  3:25  Marine  
  30  3:32  Marine x2  
  31  3:38  SCV  
  32  3:42  Refinery, Marine  
  33  3:50  SCV, Marine  
  33  3:54  Supply Depot  
  35  3:57  Factory Tech Lab  
  35  3:59  Marine  
  35  4:00  Marine  
  35  4:02  SCV  
  38  4:08  Command Center  
  38  4:14  SCV  
  38  4:15  Marine  
  38  4:17  Marine, Siege Tank  
  43  4:20  Barracks Tech Lab  
  44  4:26  SCV  
  45  4:39  Starport, SCV  
  46  4:45  Marine  
  46  4:48  Supply Depot  
  47  5:10  SCV, Marine x4  
  51  5:19  Siege Tank  
  52  5:27  Marine x3  
  54  5:29  Marine  
  54  5:30  SCV  
  58  5:43  SCV  
  58  5:45  Marine, Liberator  
  61  5:54  SCV  
  61  5:55  SCV  
  62  6:06  SCV  
  62  6:07  SCV  
  57  6:17  Marine  
  57  6:18  Marine x3  
  59  6:19  SCV  
  59  6:35  Marine  
  56  6:54  Marine  
  56  6:55  Marine x3  
  60  7:12  Marine x2  
  60  7:13  Orbital Command  
  62  7:29  Stimpack  
  62  7:31  SCV  
  63  7:40  Engineering Bay  
  63  7:43  SCV  
  64  8:01  Barracks Reactor  
  64  8:02  Barracks Reactor, Barracks Tech Lab  
  64  8:06  SCV  
  54  8:32  Marine x2  
  54  8:33  Siege Tank  
  50  8:50  Marine x2  
  50  8:51  Missile Turret  
  50  8:52  Missile Turret  
  52  8:56  SCV, Missile Turret x2  
  52  9:01  Marine x4  
  57  9:08  Marine x2  
  59  9:18  Refinery, Marine  
  59  9:19  Refinery  
  59  9:20  SCV x2  
  62  9:27  Terran Infantry Weapons Level 1  
  62  9:33  Marauder x2, Marine x3  
  69  9:38  SCV x2  
  69  9:43  Starport Reactor  
  68  9:50  SCV x2  
  70  9:56  Command Center  
  70  10:07  Marine  
  70  10:08  Marauder  
  70  10:18  Supply Depot  
  70  10:19  Supply Depot  
  70  10:35  Supply Depot  
  70  10:36  Combat Shield  
  70  10:39  Marine x2  
  70  10:40  SCV x2, Marauder, Concussive Shells, Medivac x2, Siege Tank  
  70  10:41  Marauder  
  85  10:44  Marine  
  86  10:57  SCV x2, Marine x3, Supply Depot  
  86  11:00  Supply Depot  
  86  11:01  Marine x2  
  93  11:05  Marine  
  93  11:09  SCV x2  
  93  11:10  Medivac x2  
  100  11:15  Marine x3  
  103  11:21  SCV x2  
  105  11:26  Marauder x2, Marine  
  105  11:27  Siege Tank  
  113  11:32  Marine  
  113  11:33  SCV x2, Marine  
  113  11:37  Planetary Fortress  
  117  11:40  Medivac  
  117  11:45  SCV x2  
  121  11:58  Marauder x2  
  121  11:59  Missile Turret  
  121  12:01  Missile Turret  
  125  12:02  Missile Turret  
  125  12:03  Terran Infantry Armor Level 1, Supply Depot  
  125  12:06  Supply Depot  
  125  12:18  Refinery x2  
  125  12:25  SCV x3, Marauder, Siege Tank  
  125  12:27  Marine x5, Medivac  
  140  12:37  SCV x3  
  140  12:44  Viking  
  140  12:45  Marine  
  140  12:47  Marine x2  
  140  12:49  Marauder  
  140  12:51  SCV, Marine  
  141  12:52  SCV x2  
  140  13:03  Marine  
  141  13:08  SCV, Marine  
  141  13:09  Marauder, Marine x2  
  141  13:11  Marauder  
  127  13:18  Siege Tank  
  94  13:21  Marine  
  94  13:22  SCV x2  
  94  13:26  Marine  
  98  13:27  Marine  
  98  13:28  SCV  
  98  13:30  Marauder  
  98  13:32  Marauder  
  104  13:34  SCV, Medivac  
  104  13:35  Medivac  
  109  13:44  Factory, Marine  
  109  13:45  Marine x3  
  109  13:46  SCV  
  114  13:51  Marauder  
  114  13:54  Armory, Marauder  
  118  13:56  Engineering Bay  
  118  14:03  Siege Tank  
  118  14:07  Viking x2  
  125  14:13  Marauder  
  125  14:15  Starport, Marauder  
  105  14:35  Marauder, Marine x4  
  105  14:37  Factory Tech Lab  
  111  14:43  Marauder  
  113  14:49  Viking x2  
  113  14:52  Marine x2  
  117  14:53  Marine x2  
  117  14:56  Marauder  
  122  15:04  Marine  
  122  15:07  Cyclone x2  
  120  15:10  Marine x3  
  120  15:11  Marine  
  113  15:17  Marine  
  113  15:19  Viking x2  
  109  15:22  Marine  
  109  15:28  Marine x4  
Tags
 
Add a new tag
Caveats
  • Supply blocks, unpowered buildings, or Contaminate may cause inaccurate times.
  • Supply counts are checked every 10 seconds.